Map: Nightshade LE

Players

antagomiR - Winner!

  • Race: Protoss Protoss
  • League: Gold
  • Spawn Location: 5:00

clunder

  • Race: Terran Terran
  • Spawn Location: 11:00

VOD

Have the link to the VOD?

Description

Time

  • Played on: April 4, 2020, 3:35 p.m.
  • Length: 17:49
Show
View Real Time Build Order
Export as new Build Order

antagomiR Protoss - Winner!

Build Orders: Carriers 

Get SALT Encoding   

  12  0:01  Probe  
  13  0:13  Probe  
  14  0:18  Pylon  
  14  0:25  Probe  
  15  0:40  Gateway  
  15  0:45  Probe  
  16  0:51  Assimilator  
  16  0:57  Probe  
  17  1:06  Assimilator  
  17  1:09  Probe  
  18  1:21  Probe  
  19  1:33  Probe  
  19  1:37  Cybernetics Core  
  20  1:45  Probe  
  21  1:58  Probe  
  22  2:07  Warp Gate (Chrono Boost)  
  22  2:11  Probe  
  23  2:16  Pylon  
  22  2:23  Probe  
  23  2:34  Adept  
  23  2:35  Probe  
  26  2:47  Probe  
  27  2:54  Nexus  
  27  2:56  Pylon  
  27  2:59  Probe  
  28  3:08  Robotics Facility  
  28  3:12  Probe  
  29  3:19  Shield Battery  
  29  3:24  Probe  
  30  3:32  Pylon  
  30  3:41  Probe, Gateway  
  31  3:45  Gateway  
  31  3:53  Probe  
  31  3:55  Observer  
  31  4:03  Sentry  
  31  4:05  Probe  
  31  4:08  Probe  
  35  4:16  Observer  
  36  4:17  Probe  
  37  4:24  Probe, Robotics Bay  
  37  4:29  Probe  
  39  4:31  Sentry  
  39  4:36  Probe  
  42  4:39  Stalker  
  42  4:41  Probe  
  45  4:47  Immortal  
  45  4:48  Probe  
  50  4:54  Probe  
  51  5:00  Probe  
  51  5:05  Twilight Council  
  51  5:06  Probe  
  53  5:07  Pylon  
  53  5:09  Shield Battery  
  53  5:13  Probe  
  54  5:18  Probe  
  54  5:19  Forge  
  55  5:25  Probe  
  56  5:30  Probe, Immortal  
  56  5:33  Stalker  
  56  5:35  Stalker x2  
  65  5:37  Probe  
  65  5:42  Assimilator  
  68  5:44  Probe, Assimilator  
  68  5:49  Probe, Protoss Ground Weapons Level 1 (Chrono Boost)  
  70  5:51  Pylon  
  70  5:56  Pylon  
  70  6:09  Probe x2  
  72  6:16  Immortal  
  76  6:21  Probe  
  76  6:22  Sentry  
  79  6:25  Pylon  
  79  6:33  Zealot x2  
  83  6:41  Probe x2  
  85  6:53  Probe  
  85  6:54  Probe, Extended Thermal Lance  
  87  7:05  Probe  
  88  7:11  Probe  
  89  7:18  Probe  
  89  7:20  Stalker x2  
  94  7:25  Nexus  
  94  7:28  Pylon  
  94  7:30  Pylon  
  94  7:46  Probe  
  95  7:59  Colossus (Chrono Boost), Stalker x2  
  105  8:12  Shield Battery  
  105  8:14  Photon Cannon  
  105  8:16  Photon Cannon  
  93  8:20  Photon Cannon  
  91  8:31  Stalker x2  
  95  8:34  Sentry  
  97  8:45  Probe x2  
  97  8:46  Colossus  
  105  8:52  Probe  
  106  8:56  Assimilator  
  106  8:57  Probe  
  106  8:58  Probe  
  106  8:59  Assimilator  
  106  9:04  Probe  
  106  9:09  Probe  
  108  9:12  Observer  
  108  9:18  Stargate  
  108  9:20  Stargate  
  108  9:22  Stargate  
  108  9:27  Shield Battery  
  108  9:34  Probe x3  
  110  9:46  Probe x3  
  113  9:56  Stalker  
  113  9:57  Stalker  
  113  9:58  Probe x2, Stalker  
  113  9:59  Probe  
  122  10:10  Probe  
  122  10:11  Probe x2  
  125  10:31  Gateway x2  
  125  10:33  Photon Cannon  
  125  10:34  Gateway, Photon Cannon  
  125  10:36  Gateway, Photon Cannon  
  125  10:39  Photon Cannon  
  125  10:41  Probe x2  
  121  10:43  Photon Cannon  
  121  10:44  Photon Cannon  
  121  10:47  Photon Cannon  
  97  11:04  Void Ray  
  97  11:05  Void Ray x2  
  97  11:08  Stalker x2  
  97  11:09  Stalker  
  115  11:23  Probe x3  
  118  11:35  Probe  
  119  11:40  Nexus  
  119  11:41  Pylon  
  119  11:44  Pylon  
  119  11:47  Void Ray  
  123  11:58  Stargate  
  123  11:59  Void Ray x2  
  123  12:00  Observer  
  132  12:02  Pylon  
  132  12:19  Shield Battery  
  132  12:20  Photon Cannon  
  132  12:24  Photon Cannon  
  132  12:26  Photon Cannon  
  132  12:28  Photon Cannon  
  132  12:30  Void Ray  
  132  12:31  Photon Cannon  
  136  12:42  Fleet Beacon, Void Ray x2  
  144  12:52  Assimilator  
  144  12:54  Assimilator  
  144  12:58  Probe x2  
  146  13:07  Probe  
  146  13:10  Probe  
  146  13:11  Stalker x2  
  146  13:12  Stalker x2  
  156  13:13  Void Ray  
  160  13:25  Void Ray  
  164  13:52  Dark Shrine  
  164  14:05  Pylon  
  164  14:09  Pylon  
  164  14:12  Pylon  
  164  14:23  Carrier  
  170  14:26  Void Ray x2  
  170  14:28  Carrier  
  160  14:38  Stalker x4  
  164  14:39  Stalker x3  
  174  15:09  Carrier x2  
  174  15:13  Nexus  
  186  15:16  Assimilator  
  186  15:18  Stalker  
  186  15:21  Assimilator  
  188  15:23  Pylon  
  188  15:26  Pylon  
  188  15:41  Carrier  
  188  16:33  Carrier x2  
Show
View Real Time Build Order
Export as new Build Order

clunder Terran 

Build Orders: 1/1/1 

Get SALT Encoding   

  12  0:01  SCV  
  13  0:13  SCV  
  14  0:23  Supply Depot  
  14  0:25  SCV  
  15  0:31  Refinery  
  15  0:45  SCV  
  15  0:47  Barracks  
  16  0:57  SCV  
  17  1:09  SCV  
  18  1:21  SCV  
  19  1:33  SCV  
  19  1:36  Supply Depot  
  19  1:37  Factory  
  20  1:44  Refinery  
  20  1:45  SCV  
  21  1:49  Marine  
  22  1:57  SCV  
  23  2:06  Marine  
  24  2:09  SCV  
  25  2:23  Starport  
  25  2:35  Orbital Command  
  25  2:41  Command Center  
  25  2:51  Marine  
  26  3:04  SCV  
  27  3:09  Marine  
  28  3:16  SCV  
  28  3:17  Barracks  
  29  3:21  Starport Tech Lab  
  29  3:23  Factory Reactor  
  29  3:27  Marine  
  30  3:49  Supply Depot  
  30  4:03  Marine  
  30  4:04  Marine  
  30  4:09  Medivac  
  34  4:12  Supply Depot  
  34  4:21  Marine x2  
  34  4:22  SCV x2  
  38  4:34  SCV x2  
  38  4:36  Supply Depot  
  40  4:38  Marine  
  40  4:39  Medivac  
  40  4:41  Engineering Bay  
  43  4:46  SCV, Barracks Tech Lab  
  44  4:56  Marine  
  44  4:59  SCV, Supply Depot  
  46  5:11  SCV  
  47  5:14  Marine  
  48  5:22  Supply Depot  
  48  5:23  SCV  
  48  5:27  Armory  
  49  5:35  SCV, Marauder  
  52  5:36  Marine  
  52  5:41  Medivac  
  55  5:45  Supply Depot  
  55  5:51  SCV  
  55  5:54  Marine  
  59  5:57  Marauder  
  59  6:03  SCV, Refinery  
  60  6:04  SCV  
  60  6:09  Bunker  
  61  6:11  Medivac  
  61  6:12  Marine  
  61  6:15  Fusion Core  
  61  6:16  SCV x2  
  61  6:17  Terran Infantry Weapons Level 1  
  61  6:18  Marauder  
  68  6:26  Refinery  
  68  6:28  SCV x2  
  68  6:30  Marine  
  71  6:39  Marauder  
  73  6:47  Marine  
  74  7:01  Marauder  
  76  7:09  Marine  
  76  7:13  Battlecruiser  
  83  7:22  Marauder  
  85  7:27  Marine  
  83  7:44  Marine, Marauder  
  84  8:02  Marine  
  84  8:03  SCV x2  
  84  8:05  Marauder  
  89  8:11  Terran Infantry Armor Level 1  
  86  8:15  SCV x2  
  86  8:18  Battlecruiser  
  81  8:20  Marine  
  81  8:26  Marauder  
  74  8:27  SCV x2  
  72  8:38  Marine  
  72  8:39  SCV x2  
  74  8:41  Starport  
  74  8:48  Marauder, Command Center  
  76  8:51  SCV  
  76  8:52  SCV  
  77  8:56  Marine  
  78  9:09  Marauder  
  80  9:14  Marine  
  81  9:23  Battlecruiser  
  81  9:24  Refinery  
  87  9:30  Starport Tech Lab  
  87  9:31  Marine, Marauder  
  90  9:47  Refinery  
  90  9:49  Marine  
  90  9:52  Marauder  
  93  10:04  Supply Depot  
  93  10:07  Marine  
  94  10:16  Orbital Command  
  94  10:25  Marine  
  94  10:26  Marauder  
  94  10:27  Battlecruiser  
  102  10:30  SCV  
  102  10:31  SCV  
  104  10:42  SCV  
  92  10:43  SCV  
  92  10:47  Marauder  
  92  10:48  Marine  
  87  10:54  SCV  
  87  10:55  SCV  
  89  10:59  Battlecruiser  
  95  11:06  Marine, SCV  
  95  11:07  SCV  
  95  11:08  Marauder  
  100  11:17  Supply Depot  
  100  11:18  SCV  
  100  11:19  SCV  
  100  11:24  Marine  
  103  11:30  Marauder  
  103  11:32  Weapon Refit  
  105  11:38  Battlecruiser  
  105  11:39  Supply Depot  
  111  11:42  Marine  
  112  11:51  Marauder  
  114  11:57  Barracks  
  114  12:00  Marine  
  114  12:01  Supply Depot  
  115  12:03  Battlecruiser  
  115  12:06  Starport  
  121  12:13  Marauder, Orbital Command  
  121  12:15  SCV x2  
  125  12:22  Marine  
  126  12:24  Supply Depot  
  126  12:27  SCV x2  
  128  12:34  Marauder  
  130  12:39  SCV x2  
  130  12:40  Marine  
  133  12:44  Starport  
  133  12:45  Barracks, Battlecruiser  
  133  12:48  Supply Depot  
  139  12:51  SCV  
  139  12:55  Marine  
  141  13:09  Marine  
  141  13:10  Medivac  
  141  13:12  Rapid Reignition System  
  144  13:13  Marauder  
  146  13:24  Supply Depot  
  146  13:27  Marine  
  147  13:34  Marauder  
  149  13:46  Marine, Medivac  
  152  13:49  Medivac, Supply Depot  
  154  13:56  Marauder  
  156  14:03  Marine  
  157  14:12  Supply Depot  
  125  14:32  Marine  
  125  14:33  Marine x2  
  125  14:35  Supply Depot  
  93  14:41  Battlecruiser x2  
  95  14:49  Barracks Reactor  
  95  14:50  Marine x3  
  96  15:08  Marine x3  
  99  15:26  Marine x3  
  102  15:36  Starport Tech Lab  
  98  15:43  Marine  
  98  15:44  Marine x2  
  98  15:45  Battlecruiser x2  
  90  16:01  Marine  
  90  16:02  Marine, Marauder  
  74  16:17  Hellion x2  
  78  16:19  Marine x2  
  78  16:24  Marauder  
  69  16:37  Marine x2  
  69  16:38  Hellion  
  69  16:39  Hellion  
  61  16:45  Marauder  
  56  16:55  Marine x4  
  56  17:00  Hellion x2  
  55  17:06  Marine  
  47  17:11  Missile Turret  
  47  17:12  Marine  
  47  17:13  Marine x3  
  35  17:23  Missile Turret  
  23  17:30  Marine, Missile Turret  
  23  17:32  Missile Turret  
Tags
 
Composition
Carriers
League
Gold
Matchup
PvT
Opening
1/1/1
Replay Pack
20200422
Spawn Locations
Cross Positions
Add a new tag
Caveats
  • Supply blocks, unpowered buildings, or Contaminate may cause inaccurate times.
  • Supply counts are checked every 10 seconds.